cohdb
Replays
Latest Replays
All Replays
Popular Replays
Top Player Replays
Match Explorer
How It Works
Community
CoH3 Stats
Reddit
Sign in to upload your games and track your stats! →
Sign in with Steam
Match 37910439
Unlisted
Match 37910439
Overview
Messages
Build Orders
End
Selects Special Operations Battlegroup
Selects M29 Weasel Recon Vehicle
M29 Weasel Recon Vehicle
Construct Barracks
Riflemen Squad
Riflemen Squad
Grenade Package
Riflemen Squad
Construct Weapon Support Center
Infantry Support Center
Bazooka Squad
Bazooka Squad
Infantry Support Center
Improved M9 Bazooka Rockets
Selects Raiding Flares
M1918 Browning Automatic Rifles
M3 Armored Personnel Carrier
Selects SSF Commando Squad
SSF Commando Squad
Survival Training
SSF Commando Squad
Construct Medical Station
Drunken Panda Style
SEAL_TEAM_SIX
Master of Fips
ArKaNaY
十_Fck
midmaster543210
aldivx
Voodoo408
0
0
Comments
sign in to comment!
No comments posted yet!